 Dungeon Crawl Stone Soup version 0.22-a0-348-gd16d139 (webtiles) character file.

30857 Serpenta the Slicer (level 13, -11/101 HPs)
             Began as a Mummy Chaos Knight on Apr 10, 2018.
             Mangled by an ettin
             ... wielding a +0 dire flail
              (31 damage)
             ... on level 12 of the Dungeon.
             The game lasted 00:57:42 (22824 turns).

Serpenta the Slicer (Mummy Chaos Knight)           Turns: 22824, Time: 00:57:43

Health: -11/101    AC: 15    Str: 27    XL:     13   Next: 22%
Magic:  31/31      EV: 13    Int: 20    God:    Xom [.*....]
Gold:   451        SH:  0    Dex: 13    Spells: 15/24 levels left

rFire    . . .     SeeInvis .   t - +2 short sword (venom)
rCold    + + .     Gourm    .   (no shield)
rNeg     + + +     Faith    .   v - +5 leather armour of the Komtur {Int+2}
rPois    ∞         Spirit   .   G - +2 helmet of Duck's Teeth {Str+7}
rElec    .         Reflect  .   g - +0 cloak
rCorr    .         Harm     .   m - +1 pair of gloves
MR       +....                  j - +0 pair of boots
Stlth    ++........             (no amulet)
HPRegen  0.26/turn              l - ring of protection from fire
MPRegen  0.22/turn              c - ring "Ephuorom" {rC+ MP+9 Str+3 Int+3 Dex+2}

@: confused
A: no food or potions, fire vulnerability, cold resistance 1, negative energy
resistance 3, torment resistance, unbreathing, in touch with death 1
a: Renounce Religion


You were on level 12 of the Dungeon.
You worshipped Xom.
You were a plaything of Xom.
You were not hungry.

You visited 2 branches of the dungeon, and saw 18 of its levels.

You collected 1218 gold pieces.
You spent 767 gold pieces at shops.


Innate Abilities, Weirdness & Mutations

You do not eat or drink.
Your flesh is vulnerable to fire.
You are immune to poison.
Your flesh is cold resistant. (rC+)
You are immune to negative energy. (rN+++)
You are immune to unholy pain and torment.
You can survive without breathing.
You are in touch with the powers of death.


   Skills:
 - Level 9.0 Fighting
 - Level 10.0 Short Blades
 - Level 1.7 Armour
 + Level 3.6 Dodging
 * Level 9.8 Stealth
 - Level 6.0 Spellcasting
 * Level 9.8 Hexes
 - Level 6.0 Evocations


You had 15 spell levels left.
You knew the following spells:

 Your Spells              Type           Power        Failure   Level  Hunger
a - Apportation           Tloc           #.....       12%         1    N/A
A - Confuse               Hex            #####...     1%          3    N/A
B - Tukima's Dance        Hex            #####...     1%          3    N/A
C - Ensorcelled Hibernat  Hex/Ice        ####..       2%          2    N/A

Action                   |  1- 3 |  4- 6 |  7- 9 | 10-12 | 13-15 || total
-------------------------+-------+-------+-------+-------+-------++-------
Melee: Short sword       |   118 |   245 |   314 |   781 |   130 ||  1588
       Rapier            |       |       |   331 |    13 |       ||   344
Throw: Tomahawk          |       |       |       |    15 |     5 ||    20
 Cast: Confuse           |       |       |     3 |    91 |    24 ||   118
       Tukima's Dance    |       |       |     2 |     4 |     4 ||    10
       Ensorcelled Hiber |       |       |       |    79 |    15 ||    94
       Apportation       |       |       |       |     4 |       ||     4
Evoke: Wand              |       |       |    16 |    18 |       ||    34
       Lightning rod     |       |       |       |     1 |       ||     1
  Use: Scroll            |     1 |     5 |    10 |    10 |     1 ||    27
 Stab: Paralysed         |       |     3 |     6 |    11 |       ||    20
       Confused          |       |     1 |     2 |    36 |     8 ||    47
       Sleeping          |       |       |     1 |    40 |    10 ||    51
       Distracted        |       |       |     1 |     1 |       ||     2
       Betrayed ally     |       |       |     1 |       |       ||     1
       Petrified         |       |       |       |    12 |       ||    12
Armor: Leather armour    |    31 |    81 |   239 |   203 |    24 ||   578
Dodge: Dodged            |    50 |   106 |   290 |   270 |    48 ||   764

Inventory:

Hand Weapons
 a - a +0 short sword of chaos
 p - a +0 rapier
 t - a +2 short sword of venom (weapon)
Missiles
 k - 10 tomahawks (quivered)
 o - 3 javelins of penetration
 F - 6 tomahawks of dispersal {god gift}
Armour
 g - a +0 cloak (worn)
 j - a +0 pair of boots (worn)
 m - a +1 pair of gloves (worn)
 v - the +5 leather armour of the Komtur (worn) {Int+2}
   (You found it on level 8 of the Dungeon)

   It affects your intelligence (+2).
 G - the +2 helmet of Duck's Teeth (worn) {Str+7}
   (You bought it in a shop on level 12 of the Dungeon)

   It affects your strength (+7).
Jewellery
 c - the ring "Ephuorom" (right hand) {rC+ MP+9 Str+3 Int+3 Dex+2}
   (You found it on level 12 of the Dungeon)

   [ring of protection from cold]

   It affects your strength (+3).
   It affects your intelligence (+3).
   It affects your dexterity (+2).
   It protects you from cold.
   It affects your magic capacity (+9).
 i - an uncursed ring of protection from fire
 l - a ring of protection from fire (left hand)
 w - an uncursed ring of see invisible
 A - an uncursed ring of resist corrosion
 C - the ring "Saerr" {god gift, Wiz rElec rC+ Dex+3}
   (Xom gifted it to you on level 3 of the Lair of Beasts)

   [ring of wizardry]

   It improves your spell success rate.
   It affects your dexterity (+3).
   It protects you from cold.
   It insulates you from electricity.
 E - an uncursed ring of protection from magic
 H - an uncursed ring of ice {unknown}
Wands
 b - a wand of paralysis (8)
 r - a wand of enslavement (4) {god gift}
 s - a wand of iceblast (13)
 u - a wand of clouds (3) {god gift}
 y - a wand of acid (3)
 D - a wand of disintegration (9)
Scrolls
 d - a scroll of enchant armour
 e - 5 scrolls of remove curse
 f - 3 scrolls of amnesia
 h - 4 scrolls of teleportation
 n - 5 scrolls of magic mapping
 q - 5 scrolls of identify
 x - 2 scrolls of blinking
 B - a scroll of enchant weapon
Miscellaneous
 z - a lightning rod (4/4) {god gift}

#####.....'...............#
....#.....8)..#############
)...#.....#...#...#...#
....#######..)#...'.(.#
.......[)))...#...#...#
......)###)#####'######
#####..#......#...# .(#
.......'......#...# ..'.
.......#......#.@.# .%#..
.......#......##C#######'#
.......########...#...#...
###############...'...'..
..............#..)#...#..
..............##†##########
.....†........#..(###.....#
..............#...........#
####'##########...........#


You could see an ettin.

Vanquished Creatures
  2 hydras
  A centaur warrior (D:12)
  An anaconda (shapeshifter) (D:12)
  A fire crab (Lair:1)
  The ghost of kidcy the Chiller, a novice MfIE of Ashenzari (D:7)
  A harpy (shapeshifter) (D:9)
  2 ugly things (D:12)
  2 cyclopes (D:12)
  3 black mambas
  Joseph (D:10)
  7 spiny frogs
  5 komodo dragons
  2 jumping spiders (Lair:3)
  A slime creature (Lair:2)
  6 dream sheep (Lair:5)
  6 hippogriffs
  14 blink frogs
  A wyvern (D:12)
  A spriggan (D:7)
  A basilisk (Lair:1)
  3 wraiths (D:12)
  A hog (shapeshifter) (D:7)
  A golden eye (shapeshifter) (D:12)
  36 yaks
  A hungry ghost (D:8)
  A vampire mosquito (Lair:2)
  An ogre (D:8)
  The ghost of PaperRat the Cudgeler, an amateur HaBe of Trog (D:3)
  7 porcupines
  8 water moccasins
  4 ice beasts
  8 orc warriors
  5 sky beasts
  A black bear (D:11)
  2 necrophages
  2 centaurs
  2 phantoms (D:7)
  5 crocodiles
  10 bullfrogs
  2 big kobolds
  4 scorpions
  11 jellies
  8 killer bees
  2 howler monkeys
  3 crimson imps
  2 bullfrog zombies
  A quasit (D:12)
  7 hounds
  12 orc priests
  14 orc wizards
  2 bullfrog skeletons
  4 iguanas
  6 worker ants
  2 killer bee zombies (D:6)
  A hound zombie (D:7)
  2 worker ant zombies
  Robin (D:2)
  17 adders
  A gnoll (D:7)
  2 shadow imps
  15 oozes
  3 adder skeletons
  3 worms
  9 dart slugs
  4 leopard geckos
  48 orcs
  9 bats
  5 giant cockroaches
  15 goblins
  6 hobgoblins
  17 jackals
  13 kobolds
  2 quokkas
  6 frilled lizards
  A leopard gecko skeleton (D:4)
  2 quokka skeletons
  A quokka zombie (D:5)
  5 rats
  3 fungi (Lair:2)
  A plant (D:8)
430 creatures vanquished.

Vanquished Creatures (collateral kills)
  2 two-headed ogres
  A hippogriff (Lair:2)
  3 blink frogs (Lair:2)
  2 yaks (Lair:2)
  A hungry ghost (D:8)
  2 vampire mosquitoes (Lair:2)
  An ice beast (D:5)
  An ogre (D:9)
  A crocodile (Lair:2)
  A crimson imp (D:9)
  3 orcs (D:12)
18 creatures vanquished.

Vanquished Creatures (others)
  A dancing weapon (D:12)
  2 yaks (Lair:1)
  10 fungi
  2 plants (D:8)
15 creatures vanquished.

Grand Total: 463 creatures vanquished

Vault maps used:
D:1:      dpeg_arrival_rhombi, minmay_unequal
D:2:      grunt_temple_overflow_gold_and_silver, grunt_dithmenos_smoke,
          kennysheep_generic_room_12, uniq_robin
D:3:      nicolae_ru_great_annihilating_truth, first_ration, bloody_makhleb
D:4:      lemuel_crystal_altar, serial_bayou_lake_a
D:5:      grunt_qazlal_clouds, st_stairs_6
D:6:      minmay_temple_entry_nine_rooms, basic_altar,
          nemelex_lonely_heart_becter
D:7:      the_bakery, nzn_random_ring
D:8:      fedhas_altar_3, dpeg_oklobed_lair
D:9:      lemuel_coloured_pillars_altar, overflow_temple_1_default,
          nemelex_xobeh_ov_fountains_minmay, minmay_misc_feat_enclosed
D:10:     basic_altar, uniq_joseph
D:11:     nemelex_diamond_rough_becter, uniq_gastronok
D:12:     david_orc_5, serial_shops, nicolae_shop_overgrown_old_shop, shop,
          minmay_evil_grid
Lair:1:   lemuel_fruit_fields
Lair:2:   lemuel_slime, minmay_swamp_entry_swarm
Lair:3:   spider_nest_entry_a
Lair:5:   beast_lair_carwin_9, grunt_megastairs_3, lemuel_fruit_tree,
          infiniplex_staircase_pool, minmay_lair_oklob_chamber
Lair:6:   hangedman_lair_tendril_chambers, wormcave, slime_altar_2


Message History

There is an open door here.
You are too confused!
You are too confused!
You are too confused!
You hit the golden eye.
The golden eye looks even sicker.
The golden eye is severely wounded.
You puncture the golden eye!
You kill the golden eye!
You bump into the stone wall.
You start waiting.
You're too confused to move!
The ettin hits you with a dire flail. The ettin hits you with a dire flail!
You're too confused to move!
The ettin hits you with a dire flail!! x2
The ettin hits you with a dire flail. The ettin hits you with a dire flail!
* * * LOW HITPOINT WARNING * * *
You barely miss the ettin. The ettin closely misses you.
The ettin hits you with a dire flail!!
You die...
Xom howls with laughter!

Notes
Turn   | Place    | Note
-------+----------+-------------------------------------------
     0 | D:1      | Serpenta the Mummy Chaos Knight began the quest for the Orb.
     0 | D:1      | Reached XP level 1. HP: 18/18 MP: 1/1
    70 | D:1      | XOM: harmless Summ miscast
    75 | D:1      | XOM: butterfly on damage
    81 | D:1      | XOM: silly message
   230 | D:1      | Reached skill level 1 in Dodging
   236 | D:1      | Reached XP level 2. HP: 24/24 MP: 2/2
   263 | D:1      | XOM: harmless Erth miscast
   444 | D:1      | Reached skill level 3 in Short Blades
   733 | D:1      | Reached XP level 3. HP: 29/29 MP: 3/3
  1327 | D:2      | Found a shadowy altar of Dithmenos.
  1489 | D:2      | Noticed Robin
  1499 | D:2      | Killed Robin
  1499 | D:2      | Reached XP level 4. HP: 29/35 MP: 4/4
  1773 | D:2      | Reached skill level 4 in Short Blades
  1795 | D:2      | XOM: harmless Pois miscast
  2068 | D:2      | Found an opulent altar of Gozag.
  2069 | D:2      | Found a glowing silver altar of Zin.
  2082 | D:2      | XOM: silly message
  2355 | D:3      | Noticed PaperRat's ghost (amateur HaBe)
  2470 | D:2      | XOM: harmless Pois miscast
  2665 | D:3      | Found a burning altar of Makhleb.
  2671 | D:3      | XOM: harmless Hex miscast
  2713 | D:3      | XOM: enchant monster (bad)
  2717 | D:3      | Reached XP level 5. HP: 39/41 MP: 5/5
  2856 | D:3      | XOM: cast spell 'Ring of Flames'
  2863 | D:3      | Killed PaperRat's ghost
  2863 | D:3      | Reached skill level 5 in Short Blades
  2863 | D:3      | Reached XP level 6. HP: 47/47 MP: 6/6
  3022 | D:3      | Found a sacrificial altar of Ru.
  3026 | D:3      | XOM: harmless Tmut miscast
  3550 | D:4      | Reached skill level 6 in Short Blades
  3611 | D:4      | XOM: cloud trail
  3639 | D:4      | XOM: butterfly on damage
  3920 | D:4      | XOM is BORED!
  3920 | D:4      | XOM: harmless Necr miscast
  3938 | D:4      | XOM: divination: magic mapping
  4176 | D:4      | Reached XP level 7. HP: 53/53 MP: 7/7
  4319 | D:4      | Found a basalt altar of Yredelemnul.
  4537 | D:5      | XOM: noise
  4537 | D:5      | Entered Level 5 of the Dungeon
  4578 | D:5      | XOM: divination: detect creatures
  4601 | D:5      | XOM: harmless Conj miscast
  4842 | D:5      | XOM: confuse monster(s)
  4884 | D:5      | Reached skill level 5 in Fighting
  4895 | D:5      | Found a stormy altar of Qazlal.
  5182 | D:5      | XOM: summons 7 friendly demons
  5284 | D:6      | Reached skill level 7 in Short Blades
  5295 | D:6      | XOM: noise
  5314 | D:6      | Reached XP level 8. HP: 54/63 MP: 8/8
  5649 | D:6      | XOM: confuse monster(s)
  5743 | D:6      | XOM: enchant monster (good)
  6110 | D:6      | XOM: divination: detect items
  6145 | D:6      | Found a sparkling altar of Nemelex Xobeh.
  6149 | D:6      | XOM: noise
  6197 | D:6      | Found a stormy altar of Qazlal.
  6232 | D:6      | XOM: confuse monster(s)
  6297 | D:6      | XOM: god gift: spear {god gift}
  6387 | D:6      | Found a staircase to the Ecumenical Temple.
  6432 | D:6      | XOM: harmless Necr miscast
  6629 | D:7      | XOM: god gift: scroll of teleportation {god gift}
  7048 | D:7      | Reached skill level 8 in Short Blades
  7187 | D:7      | Noticed a hornet
  7187 | D:7      | a sky beast changed into a hornet
  7187 | D:7      | XOM: polymorph sky beast -> hornet
  7192 | D:7      | XOM: 6-stop teleportation journey
  7221 | D:7      | XOM: divination: detect items
  7223 | D:7      | XOM: god gift: wand of enslavement (15) {god gift}
  7229 | D:7      | XOM: smoke on damage
  7268 | D:7      | Noticed kidcy's ghost (novice MfIE)
  7268 | D:7      | XOM: scenery: 1 doors close
  7588 | D:7      | XOM: repel stairs
  7799 | D:7      | Reached XP level 9. HP: 72/72 MP: 9/9
  7873 | D:7      | XOM: 1-stop teleportation journey
  8000 | D:8      | XOM: confusion (+ monsters)
  8143 | D:7      | Noticed a two-headed ogre
  8148 | D:7      | XOM: god gift: wand of clouds (5) {god gift}
  8153 | D:7      | XOM: polymorph howler monkey -> swamp drake
  8157 | D:7      | XOM: summons 4 hostile demons
  8158 | D:7      | Noticed a rust devil
  8159 | D:7      | XOM: swap monsters
  8242 | D:8      | Got a polished leather armour
  8253 | D:8      | Identified the +5 leather armour of the Komtur {Int+2} (You found it on level 8 of the Dungeon)
  8254 | D:8      | quite good
  8268 | D:8      | Found a staircase to the Lair.
  8384 | D:8      | Found a blossoming altar of Fedhas.
  8495 | D:8      | XOM: polymorph iguana -> jelly
  8543 | D:8      | XOM: 8-stop teleportation journey
  8813 | D:8      | XOM: mild Tloc miscast
  8829 | D:8      | XOM: enchant monster (good)
  8839 | D:9      | XOM: enchant monster (good)
  8847 | D:9      | Found a sparkling altar of Nemelex Xobeh.
  8850 | D:9      | XOM: polymorph jelly -> bullfrog
  8897 | D:9      | Noticed a harpy
  8897 | D:9      | a soldier ant changed into a harpy
  8900 | D:9      | XOM: summons 9 friendly demons
  8904 | D:9      | Killed a harpy
  8904 | D:9      | Reached skill level 9 in Short Blades
  8910 | D:9      | XOM: 2-stop teleportation journey
  9044 | D:9      | Learned a level 3 spell: Confuse
  9048 | D:9      | Learned a level 3 spell: Tukima's Dance
  9104 | D:9      | Found an ornate altar of the Wu Jian Council.
  9163 | D:9      | XOM: summons 2 friendly demons
  9169 | D:9      | XOM: fog
  9170 | D:9      | Reached skill level 1 in Spellcasting
  9177 | D:9      | Reached skill level 1 in Stealth
  9177 | D:9      | Reached skill level 1 in Hexes
  9194 | D:9      | Found an iron altar of Okawaru.
  9340 | D:10     | Entered Level 10 of the Dungeon
  9446 | D:10     | XOM: 10-stop teleportation journey
  9450 | D:10     | XOM: cast spell 'Discord'
  9456 | D:10     | XOM: confuse monster(s)
  9667 | D:11     | XOM: summons 4 hostile demons
  9773 | D:11     | Noticed a two-headed ogre
  9810 | D:11     | XOM: cleaving
  9814 | D:11     | XOM: summons 4 friendly demons
  9815 | D:11     | Reached skill level 1 in Evocations
  9993 | D:11     | Noticed grizmgrazm2's ghost (journeyman MfGl)
 10164 | D:10     | XOM: blink monster(s)
 10173 | D:10     | XOM: cleaving
 10293 | D:10     | Reached XP level 10. HP: 76/83 MP: 10/13
 10463 | D:10     | Noticed Joseph
 10477 | D:10     | XOM: god gift: runed iron ring {god gift}
 10515 | D:10     | XOM: divination: detect creatures
 10570 | D:10     | XOM: cleaving
 10609 | D:10     | XOM: fog
 10951 | D:10     | XOM: summons friendly quasit
 11115 | D:10     | Found a hazy altar of Hepliaklqana.
 11240 | D:11     | XOM: divination: detect items
 11301 | D:11     | Found a sparkling altar of Nemelex Xobeh.
 11314 | D:11     | XOM: divination: detect items
 11326 | D:11     | Noticed a death knight
 11326 | D:11     | Noticed a phantasmal warrior
 11327 | D:11     | Noticed Gastronok
 11328 | D:11     | what?
 11385 | D:11     | XOM: harmless Necr miscast
 11408 | D:11     | XOM: harmless Pois miscast
 11480 | Lair:1   | Entered Level 1 of the Lair of Beasts
 11530 | Lair:1   | XOM: potion effect (might)
 11613 | Lair:1   | XOM: potion effect (agility)
 11644 | Lair:1   | XOM: mild Erth miscast
 11648 | Lair:1   | XOM: divination: detect items
 11667 | D:8      | XOM: summons friendly quasit
 11670 | D:8      | XOM: enchant monster (bad)
 11693 | D:8      | Reached skill level 5 in Evocations
 11737 | D:8      | XOM: summons 5 hostile demons
 11897 | D:8      | XOM: polymorph quasit -> iron imp
 11911 | D:8      | XOM: fog
 11920 | D:8      | XOM: fake destruction
 11964 | D:8      | XOM: god gift: lightning rod (4/4) {god gift}
 12153 | Lair:1   | Noticed a four-headed hydra
 12197 | Lair:1   | XOM: scenery: create altars
 12223 | Lair:1   | XOM: destruction
 12238 | Lair:1   | Noticed a fire crab
 12238 | Lair:1   | a yak changed into a fire crab
 12238 | Lair:1   | XOM: polymorph yak -> fire crab
 12241 | Lair:1   | Killed a fire crab
 12465 | Lair:1   | XOM: silly message
 12886 | Lair:1   | XOM: cloud trail
 12903 | Lair:1   | XOM: scenery: create altars
 12915 | Lair:1   | Killed a four-headed hydra
 12915 | Lair:1   | Reached XP level 11. HP: 82/89 MP: 17/17
 12918 | Lair:1   | XOM: confuse monster(s)
 13490 | Lair:2   | Found a staircase to the Swamp.
 13561 | Lair:2   | XOM: scenery: 1 doors close
 13738 | Lair:2   | XOM: summons 2 friendly demons
 13741 | Lair:2   | XOM: god gift: 24 gold pieces {god gift}
 13745 | Lair:2   | XOM: mild Tloc miscast
 13889 | Lair:2   | XOM: 3-stop teleportation journey
 13980 | Lair:2   | Reached skill level 5 in Hexes
 13995 | Lair:2   | Reached skill level 5 in Stealth
 14142 | Lair:2   | XOM: summons 6 friendly demons
 14154 | Lair:2   | Reached skill level 5 in Spellcasting
 14345 | Lair:2   | XOM: scenery: create altars
 14451 | Lair:2   | XOM: god gift: crystal plate armour {god gift}
 14458 | Lair:2   | XOM: 2-stop teleportation journey
 14521 | Lair:2   | XOM: scenery: create altars
 14612 | Lair:2   | XOM: god gift: jewelled chain mail {god gift}
 14644 | Lair:2   | Got a jewelled chain mail {god gift}
 14645 | Lair:2   | Identified the +6 chain mail "Harphol" {god gift, rPois Dex+2} (Xom gifted it to you on level 2 of the Lair of Beasts)
 14955 | Lair:2   | XOM: cleaving
 14956 | Lair:2   | XOM: destruction
 14969 | Lair:2   | XOM: summons 11 friendly demons
 15210 | Lair:3   | XOM: 4-stop teleportation journey
 15225 | Lair:3   | XOM: polymorph crocodile -> big kobold
 15558 | Lair:3   | XOM: noise
 15594 | Lair:3   | XOM: god gift: 50 gold pieces {god gift}
 15623 | Lair:3   | Learned a level 1 spell: Apportation
 15745 | Lair:3   | Found a hole to the Spider Nest.
 15934 | Lair:3   | XOM: polymorph yak -> black mamba
 16146 | Lair:3   | XOM: 1-stop teleportation journey
 16154 | Lair:3   | XOM: god gift: steaming golden ring {god gift}
 16155 | Lair:3   | Got a steaming golden ring {god gift}
 16157 | Lair:3   | Identified the ring "Saerr" {god gift, Wiz rElec rC+ Dex+3} (Xom gifted it to you on level 3 of the Lair of Beasts)
 16257 | Lair:3   | XOM: summons 5 hostile demons
 16300 | Lair:3   | XOM: cloud trail
 16374 | Lair:3   | XOM: 2-stop teleportation journey
 16503 | Lair:3   | XOM: enchant monster (bad)
 16526 | Lair:3   | Learned a level 2 spell: Ensorcelled Hibernation
 16540 | Lair:2   | XOM: confuse monster(s)
 16544 | Lair:2   | Reached XP level 12. HP: 88/95 MP: 12/21
 16603 | Lair:3   | XOM: potion effect (agility)
 16718 | Lair:3   | XOM: enchant monster (bad)
 16943 | Lair:3   | XOM: medium Pois miscast
 17288 | Lair:4   | XOM: potion effect (might)
 17374 | Lair:4   | XOM: summons 2 friendly demons
 17386 | Lair:4   | XOM: 5-stop teleportation journey
 17610 | Lair:4   | XOM: medium Pois miscast
 18146 | Lair:4   | XOM: silly message
 18214 | Lair:4   | Noticed a four-headed hydra
 18217 | Lair:4   | XOM: cast spell 'Alistair's Intoxication'
 18221 | Lair:4   | Killed a four-headed hydra
 18221 | Lair:4   | Reached skill level 10 in Short Blades
 18352 | Lair:5   | XOM: harmless Air miscast
 18444 | Lair:5   | XOM is BORED!
 18444 | Lair:5   | XOM: medium Pois miscast
 18486 | Lair:5   | XOM: divination: magic mapping
 18487 | Lair:5   | XOM: harmless Tmut miscast
 18494 | Lair:5   | XOM: potion effect (might)
 18585 | Lair:5   | XOM: smoke on damage
 18888 | Lair:5   | XOM: harmless Fire miscast
 18918 | Lair:5   | XOM: harmless Necr miscast
 19137 | Lair:5   | Noticed a seven-headed hydra
 19637 | Lair:6   | Entered Level 6 of the Lair of Beasts
 19637 | Lair:6   | Found a runed door.
 19858 | Lair:5   | XOM: harmless Hex miscast
 20003 | Lair:6   | Noticed TheNamelessOne's ghost (journeyman DsCK)
 20169 | D:7      | Killed kidcy's ghost
 20172 | D:7      | XOM: enchant monster (bad)
 20288 | D:7      | XOM: cast spell 'Summon Horrible Things'
 20291 | D:7      | Killed a two-headed ogre
 20357 | D:7      | XOM: confuse monster(s)
 20557 | D:7      | XOM: noise
 20614 | D:7      | XOM: medium Necr miscast
 20787 | D:7      | XOM: god gift: 6 tomahawks of dispersal {god gift}
 20834 | D:10     | Killed Joseph
 20854 | D:11     | XOM: confusion (+ monsters)
 20998 | D:11     | Killed a two-headed ogre
 21133 | D:12     | Found Tikloz's Assorted Antiques.
 21142 | D:12     | Bought a distressingly furry helmet for 247 gold pieces
 21152 | D:12     | Identified the +2 helmet of Duck's Teeth {Str+7} (You bought it in a shop on level 12 of the Dungeon)
 21186 | D:12     | XOM: god gift: 15 sling bullets {god gift}
 21191 | D:12     | XOM is BORED!
 21191 | D:12     | XOM: summons 4 hostile shadow creatures
 21192 | D:12     | Got a bound wooden ring
 21245 | D:12     | XOM: cloud trail
 21246 | D:12     | Identified the ring "Ephuorom" {rC+ MP+9 Str+3 Int+3 Dex+2} (You found it on level 12 of the Dungeon)
 21320 | D:12     | XOM: cast spell 'Leda's Liquefaction'
 21480 | D:12     | Found a staircase to the Orcish Mines.
 21480 | D:12     | Found a roughly hewn altar of Beogh.
 21480 | D:12     | XOM: 2-stop teleportation journey
 21482 | D:12     | XOM: enchant monster (bad)
 21573 | D:12     | Gained mutation: You are in touch with the powers of death. [Mummy growth]
 21573 | D:12     | Reached XP level 13. HP: 101/101 MP: 22/22
 21860 | D:12     | XOM: god gift: 50 gold pieces {god gift}
 22101 | D:12     | XOM: scenery: 1 doors close
 22213 | D:12     | Found Gomuth's Magic Scroll Shop.
 22220 | D:12     | Bought a scroll of acquirement for 520 gold pieces
 22223 | D:12     | FU
 22232 | D:12     | XOM: god gift: 24 gold pieces {god gift}
 22598 | D:12     | XOM: medium Chrm miscast
 22723 | D:12     | XOM: silly message
 22786 | D:12     | Noticed an ettin
 22824 | D:12     | Mangled by an ettin
